 Dungeon Crawl Stone Soup version 0.19-a0-1933-g052ff51 (webtiles) character file.

737 Leibowitz the Poker (level 7, -1/57 HPs)
             Began as a Demigod Gladiator on Oct 26, 2016.
             Slain by a killer bee (3 damage)
             ... on level 6 of the Dungeon.
             The game lasted 00:12:15 (4118 turns).

Leibowitz the Poker (Demigod Gladiator)             Turns: 4118, Time: 00:12:15

Health: -1/57      AC:  6    Str: 20    XL:     7   Next: 22%
Magic:  9/9        EV: 20    Int: 12    God:
Gold:   85         SH:  4    Dex: 23    Spells: 0 memorised, 6 levels left

rFire  + . .     SeeInvis .     a - +1 trident
rCold  + . .     Gourm    .     b - +0 leather armour
rNeg   . . .     Faith    .     (no shield)
rPois  +         Spirit   .     c - +0 helmet
rElec  +         Reflect  +     (no cloak)
rCorr  +         Harm     .     y - +1 pair of gloves
MR     .....                    (no boots)
Stlth  +++.......               u - +4 amulet of reflection
                                (no ring)
                                (no ring)

@: agile, lethally poisoned (-1 -> -4), resistant
A: high mp 1
a: no special abilities


You were on level 6 of the Dungeon.
You were not hungry.

You visited 1 branch of the dungeon, and saw 6 of its levels.

You collected 165 gold pieces.
You spent 80 gold pieces at shops.

Inventory:

Hand Weapons
 a - a +1 trident (weapon)
Missiles
 d - a throwing net (quivered)
 r - 12 poisoned needles
Armour
 b - a +0 leather armour (worn)
 c - a +0 helmet (worn)
 y - a +1 pair of gloves (worn)
Jewellery
 l - an uncursed amulet of guardian spirit
 u - a +4 amulet of reflection (around neck)
Wands
 q - a wand of slowing (28/48)
Scrolls
 h - 10 scrolls of identify {unknown}
 i - 7 scrolls of remove curse {unknown}
 w - a scroll of enchant armour
Potions
 m - 2 potions of flight
 o - 2 potions of curing
 A - 2 potions of agility
Comestibles
 f - 5 bread rations
 j - 2 beef jerkies


   Skills:
 + Level 3.2 Fighting
 + Level 5.8 Polearms
 + Level 2.0 Throwing
 + Level 2.8 Armour
 + Level 4.0 Dodging
 + Level 1.3 Stealth


You had 6 spell levels left.
You didn't know any spells.

Dungeon Overview and Level Annotations

Branches:
Dungeon (7/15)
 Temple: D:4-7

Shops:
D:7 !

Annotations:
D:3 Orbaz's ghost, amateur DsFi


Innate Abilities, Weirdness & Mutations

You have an increased reservoir of magic. (+10% MP)


Message History

* * * LOW HITPOINT WARNING * * *
You feel sick. The killer bee misses you.
The killer bee struggles against the net.
The killer bee closely misses you. x2
The killer bee struggles against the net.
The killer bee misses you.
You hit the killer bee.
The killer bee is severely wounded.
* * * LOW HITPOINT WARNING * * *
You feel sick. The killer bee misses you.
The killer bee struggles against the net.
The killer bee misses you. The killer bee barely misses you.
The killer bee struggles against the net.
The net rips apart, and the killer bee comes free!
The killer bee stings you but does no damage.
You hit the killer bee.
The killer bee is severely wounded.
The killer bee closely misses you. You block the killer bee's attack.
The killer bee closely misses you. x2; The killer bee stings you.
You die...

..##.....................
.........................
#.................(......
#.......................
#.##...................
..#...(##.........
........y######...
.......yy# ### #(.....y@#
..........# ..........#
..........# ...(..$...#
.........# ........##
.......##


You could see 4 killer bees.

Vanquished Creatures
  2 phantoms
  2 ogres
  2 centaurs (D:6)
  A crimson imp (D:6)
  A hound (D:4)
  An iguana (D:7)
  A worker ant (D:6)
  A hound skeleton (D:6)
  2 adders
  2 oozes
  2 worms
  2 dart slugs (D:2)
  2 leopard geckos (D:1)
  3 orcs
  8 bats
  5 giant cockroaches
  6 goblins
  7 hobgoblins
  10 jackals
  10 kobolds
  A quokka (D:7)
  A ball python (D:2)
  5 frilled lizards
  5 rats (D:2)
82 creatures vanquished.

Notes
Turn   | Place    | Note
-------+----------+-------------------------------------------
     0 | D:1      | Leibowitz the Demigod Gladiator began the quest for the Orb.
     0 | D:1      | Reached XP level 1. HP: 17/17 MP: 3/3
    27 | D:1      | Reached skill level 3 in Polearms
    52 | D:1      | Reached XP level 2. HP: 23/24 MP: 4/4
   524 | D:1      | Found a glowing golden altar of the Shining One.
   639 | D:2      | Reached XP level 3. HP: 19/29 MP: 3/5
  1575 | D:3      | Noticed Orbaz's ghost (amateur DsFi)
  1588 | D:3      | Reached XP level 4. HP: 33/36 MP: 6/6
  2142 | D:3      | Noticed an ogre
  2151 | D:3      | Killed an ogre
  2151 | D:3      | Reached skill level 4 in Polearms
  2151 | D:3      | Reached skill level 1 in Armour
  2151 | D:3      | Reached XP level 5. HP: 6/42 MP: 1/7
  3054 | D:4      | You fall through a shaft for 3 floors!
  3182 | D:7      | Found Pumu's Distillery.
  3193 | D:7      | Bought a potion of curing for 30 gold pieces
  3193 | D:7      | Bought a potion of heal wounds for 50 gold pieces
  3233 | D:7      | Noticed a phantom
  3349 | D:7      | Killed a phantom
  3349 | D:7      | Reached XP level 6. HP: 41/50 MP: 8/8
  3456 | D:7      | Reached skill level 1 in Stealth
  3507 | D:6      | Reached skill level 5 in Polearms
  3901 | D:6      | Reached XP level 7. HP: 24/57 MP: 9/9
  4117 | D:6      | HP: 2/57 [poisoned by a killer bee]
  4118 | D:6      | Slain by a killer bee

Vault maps used:
D:1:      dpeg_arrival_fog, amethyst_killhole, tso_altar
D:3:      first_bread
D:6:      solitary_fountain, dk_vineyard_3
D:7:      serial_shops, nicolae_shop_window_shopping, the_bakery,
          okawaru_altar_gauntlet_db, uniq_duvessa

Skill      XL: |  1  2  3  4  5  6  7 |
---------------+----------------------+-----
Polearms       | 3 4 5 |  5.8
Dodging        | 3 4 |  4.0
Throwing       | 2 |  2.0
Fighting       | 2 3 |  3.2
Armour         | 1 2 |  2.8
Stealth        | 1 |  1.3

Action                   |  1- 3 |  4- 6 |  7- 9 || total
-------------------------+-------+-------+-------++-------
Melee: Trident           |   156 |   194 |    28 ||   378
Throw: Throwing net      |       |     1 |     2 ||     3
  Use: Potion            |       |     8 |     5 ||    13
       Scroll            |       |       |     5 ||     5
 Stab: Sleeping          |     1 |     3 |       ||     4
       Held in net/web   |       |     1 |       ||     1
  Eat: Chunk             |     2 |     8 |     1 ||    11
Armor: Leather armour    |    43 |    31 |     9 ||    83
       Skin              |       |    29 |       ||    29
Dodge: Dodged            |   111 |   105 |    69 ||   285
Block: Other             |       |    24 |    10 ||    34
       Reflection        |       |     2 |       ||     2
